 Dungeon Crawl Stone Soup version 0.20.0 (webtiles) character file.

28 Llamajah the Shield-Bearer (level 3, -5/29 HPs)
             Began as a Formicid Fighter on July 24, 2017.
             Slain by Jessica
             ... wielding a +5 club
              (8 damage)
             ... on level 2 of the Dungeon.
             The game lasted 00:01:45 (553 turns).

Llamajah the Shield-Bearer (Formicid Fighter)        Turns: 553, Time: 00:01:46

Health: -5/29      AC:  0    Str: 21    XL:     3   Next: 30%
Magic:  3/3        EV: 23    Int:  7    God:
Gold:   56         SH:  0    Dex: 20    Spells: 2/2 levels left

rFire    . . .     SeeInvis .   (weapon currently unavailable)
rCold    . . .     Gourm    .   (shield currently unavailable)
rNeg     . . .     Faith    .   (armour currently unavailable)
rPois    .         Spirit   .   (helmet unavailable)
rElec    .         Reflect  .   (cloak currently unavailable)
rCorr    .         Harm     .   (gloves currently unavailable)
MR       .....                  (boots currently unavailable)
Stlth    +++.......             (no amulet)
Regen    0.1/turn               (ring currently unavailable)
MPRegen  0.1/turn               (ring currently unavailable)

@: agile, bat-form, flying, very quick
A: permanent stasis, dig shafts and tunnels, four strong arms
a: no special abilities


You were on level 2 of the Dungeon.
You were not hungry.
You were in bat-form.
You visited 1 branch of the dungeon, and saw 2 of its levels.

You collected 56 gold pieces.

Inventory:

Hand Weapons
 a - a +0 war axe (melded)
 r - a +0 hand crossbow
Armour
 b - a +0 scale mail (melded)
 c - a +0 shield (melded)
Scrolls
 g - a scroll of fog {unknown}
 h - a scroll of remove curse {unknown}
 i - a scroll of identify {unknown}
 l - a scroll of teleportation {unknown}
 n - a scroll of enchant armour {unknown}
Potions
 d - 2 potions of might
 k - a potion of brilliance {unknown}
 m - a potion of ambrosia {unknown}
 o - a potion of haste {unknown}
 p - a potion of curing {unknown}
 q - a potion of resistance {unknown}
Comestibles
 f - a bread ration


   Skills:
 + Level 3.3 Fighting
 + Level 2.2 Axes
 * Level 3.8 Armour
 * Level 0.8 Dodging
 * Level 4.1 Shields


You had 2 spell levels left.
You didn't know any spells.

Dungeon Overview and Level Annotations

Branches:
Dungeon (2/15)

Altars:

Annotations:
D:2 Jessica


Innate Abilities, Weirdness & Mutations

You cannot be hasted, slowed, berserked, paralysed or teleported.
You can dig through walls and to a lower floor.
Your four strong arms can wield two-handed weapons with a shield.
((You have a pair of large antennae on your head. (SInv)))


Message History

Your +0 shield melds into your body.
Your +0 scale mail melds into your body.
It is a wand of polymorph (?/24).
Jessica shouts, "You're disturbing me!
I'll have to kill you!" Jessica misses you.
You hit Jessica.
Jessica is moderately wounded.
Jessica hits you with an enchanted club.
Jessica completely misses you.
You hit Jessica but do no damage.
Jessica is moderately wounded.
The bat barely misses you. The bat hits you. The bat misses you.
Jessica gestures at you while chanting. Pain shoots through your body!
* * * LOW HITPOINT WARNING * * *
It was a potion of agility.
You feel agile all of a sudden. The bat completely misses you.
Jessica hits you with an enchanted club!
You die...

#. ..# #.## #### #.#
#..# #... #.# #.# #...
#.# #.####... # #.#
#.#...... #. ##.##
##.#......
###..#...#####.........
#.....b.[...#.(...##...
#.##b#@..##.......##...
......#####.....##...
#..###### ##...###..#
#. ##........ ..
######..# # #..# #>.#
#...


You could see Jessica and a bat.

Vanquished Creatures
  An ooze (D:1)
  A bat (D:1)
  2 giant cockroaches (D:1)
  A hobgoblin (D:1)
  5 jackals (D:1)
  2 ball pythons
  A frilled lizard (D:1)
  2 goblins (D:1)
  3 kobolds (D:1)
  6 rats (D:1)
24 creatures vanquished.

Notes
Turn   | Place    | Note
-------+----------+-------------------------------------------
     0 | D:1      | Llamajah the Formicid Fighter began the quest for the Orb.
     0 | D:1      | Reached XP level 1. HP: 18/18 MP: 1/1
    28 | D:1      | Reached XP level 2. HP: 24/24 MP: 2/2
    77 | D:1      | Reached skill level 4 in Shields
   296 | D:1      | Reached XP level 3. HP: 29/29 MP: 3/3
   543 | D:2      | Noticed Jessica
   553 | D:2      | Slain by Jessica

Skill      XL: |  1  2 |
---------------+-------+-----
Shields        | 4 |  4.1
Fighting       | |  3.3
Axes           | |  2.2
Armour         | |  3.8
Dodging        | |  0.8

Action                   || total
-------------------------++-------
Melee: War axe           ||    64
       Unarmed           ||     2
  Use: Potion            ||     1
Armor: Scale mail        ||    30
Dodge: Dodged            ||    34
Block: Shield            ||    33
